 Dungeon Crawl Stone Soup version 0.29-a0-982-gaed3a0c8d8 (webtiles) character file.

Game seed: 18185531411216019474

20541 vurker the Skirmisher (level 13, -4/106 HPs)
             Began as a Formicid Hunter on Aug 1, 2022.
             Was an Initiate of Gozag.
             Slain by an eight-headed hydra (6 damage)
             ... on level 3 of the Lair of Beasts.
             The game lasted 00:22:11 (13151 turns).

vurker the Skirmisher (Formicid Hunter)            Turns: 13151, Time: 00:22:11

Health: -4/106     AC: 25    Str: 24    XL:     13   Next: 13%
Magic:  13/13      EV:  9    Int:  9    God:    Gozag
Gold:   2163       SH:  0    Dex: 17    Spells: 12/12 levels left

rFire   . . .      SeeInvis +   p - +0 arbalest (freeze)
rCold   . . .      Faith    .   (no shield)
rNeg    . . .      Spirit   .   c - +0 plate armour
rPois   +          Reflect  .   (helmet unavailable)
rElec   +          Harm     .   m - +0 cloak
rCorr   .          Rampage  .   u - +2 pair of gloves of the Teaching Gods {rElec Regen+ Str+3 Stlth+}
Will    +....                   k - +1 pair of boots
Stlth   ..........              (no amulet)
HPRegen 1.07/turn               l - +4 ring of protection
MPRegen 0.13/turn               z - ring of poison resistance

@: studying Evocations
A: permanent stasis, dig shafts and tunnels, antennae 3, four strong arms
a: Dig, Shaft Self, Renounce Religion, Potion Petition, Call Merchant, Bribe
Branch


You were on level 3 of the Lair of Beasts.
You worshipped Gozag.
Gozag was most pleased with you.
You visited 2 branches of the dungeon, and saw 14 of its levels.

You collected 2250 gold pieces.
You paid 87 gold pieces to Gozag.

Inventory:

Hand Weapons
 a - a +0 shortbow
 p - a +0 arbalest of freezing (weapon)
   (You took it off an orc warrior on level 8 of the Dungeon)
 w - the +11 quarterstaff "Giant's Doom" {venom, rC+ rN+ rCorr}
   (You took it off a centaur on level 8 of the Dungeon)

   It poisons the flesh of those it strikes.
   rC:        It protects you from cold.
   rN:        It protects you from negative energy.
   rCorr:     It protects you from acid and corrosion.
Armour
 c - a +0 plate armour (worn)
   (You found it on level 1 of the Dungeon)
 k - a +1 pair of boots (worn)
   (You found it on level 4 of the Dungeon)
 m - a +0 cloak (worn)
   (You took it off Crazy Yiuf on level 7 of the Dungeon)
 u - the +2 pair of gloves of the Teaching Gods (worn) {rElec Regen+ Str+3 Stlth+}
   (You found it on level 4 of the Dungeon)

   Str:       It affects your strength (+3).
   rElec:     It insulates you from electricity.
   Regen:     It increases your rate of health regeneration.
   Stlth:     It makes you more stealthy.
Jewellery
 l - a +4 ring of protection (left hand)
   (You took it off an orc on level 5 of the Dungeon)
 z - a ring of poison resistance (right hand)
   (You found it on level 9 of the Dungeon)
 D - a ring of flight
   (You found it on level 9 of the Dungeon)
 E - a ring of wizardry
   (You found it on level 9 of the Dungeon)
 G - a ring of magical power
   (You found it on level 11 of the Dungeon)
Wands
 d - a wand of iceblast (9)
   (You found it on level 5 of the Dungeon)
 e - a wand of charming (2)
   (You found it on level 7 of the Dungeon)
 t - a wand of flame (12)
   (You found it on level 5 of the Dungeon)
 v - a wand of digging (15)
   (You found it on level 3 of the Dungeon)
 x - a wand of quicksilver (6)
   (You found it on level 2 of the Lair of Beasts)
Scrolls
 b - a scroll of immolation
 g - 4 scrolls of magic mapping
 n - 2 scrolls of silence
 r - 2 scrolls of fog
 y - a scroll of fear
 A - a scroll of identify
 B - 2 scrolls of summoning
Potions
 f - 4 potions of might
 h - 3 potions of curing
 i - 4 potions of flight
 j - 2 potions of brilliance
 o - 5 potions of mutation
 q - 2 potions of resistance
 s - a potion of lignification


   Skills:
 + Level 11.4 Fighting
 * Level 14.9 Ranged Weapons
 - Level 10.0 Armour
 - Level 5.0 Dodging
 - Level 1.2 Stealth
 + Level 6.2 Evocations


You had 12 spell levels left.
You didn't know any spells.
Your spell library contained the following spells:

 Spells                   Type           Power      Damage    Failure   Level
 Sublimation of Blood     Necr           0%         N/A       100%        2
 Petrify                  Tmut/Erth      0%         N/A       100%        4
 Irradiate                Conj/Tmut      0%         3d11      100%        5


Dungeon Overview and Level Annotations

Branches:
Dungeon (11/15)            Temple (0/1) D:4            Lair (3/5) D:10
  Snake (0/4) Lair:2          Orc (0/2) D:9
  Swamp: Lair:2-3    Shoals: Lair:2-3

Altars:
Ashenzari
Cheibriados
Gozag
Ru
Wu Jian
Xom
Yredelemnul

Shops:
D:8 [


Innate Abilities, Weirdness & Mutations

You cannot be hasted, slowed, berserked, paralysed or teleported.
You can dig through walls and to a lower floor.
You have a pair of large antennae on your head. (SInv)
Your four strong arms can wield two-handed weapons with a shield.


Message History

Aim: a dream sheep (68% to hit)
You shoot a bolt. The bolt hits the eight-headed hydra!
The bolt freezes the eight-headed hydra.
The eight-headed hydra bites you.
* * * LOW HITPOINT WARNING * * *
The eight-headed hydra bites you.
* * * LOW HITPOINT WARNING * * *
The eight-headed hydra bites you but does no damage.
The eight-headed hydra bites you!
* * * LOW HITPOINT WARNING * * *
The eight-headed hydra barely misses you.
The eight-headed hydra closely misses you.
The eight-headed hydra bites you but does no damage.
The eight-headed hydra bites you.
* * * LOW HITPOINT WARNING * * *
Fire: p) +0 arbalest (freeze)
Aim: a dream sheep (68% to hit)
You shoot a bolt. The bolt hits the eight-headed hydra.
The eight-headed hydra seems to slow down.
The bolt freezes the eight-headed hydra.
The eight-headed hydra bites you but does no damage. x2
The eight-headed hydra bites you!
* * * LOW HITPOINT WARNING * * *
The eight-headed hydra bites you.
* * * LOW HITPOINT WARNING * * *
The eight-headed hydra barely misses you.
The eight-headed hydra bites you but does no damage.
The eight-headed hydra closely misses you. x2
The eight-headed hydra bites you but does no damage. x5
The eight-headed hydra bites you!
* * * LOW HITPOINT WARNING * * *
The eight-headed hydra closely misses you.
The eight-headed hydra bites you but does no damage.
Unknown command.
Fire: p) +0 arbalest (freeze)
Aim: a dream sheep (68% to hit)
You shoot a bolt.
The bolt barely misses the eight-headed hydra.
The bolt hits the black mamba!
The bolt freezes the black mamba.
The dream sheep ruffles its wool and motes of dream dust sparkle, to no effect.
The eight-headed hydra barely misses you.
The eight-headed hydra bites you but does no damage. x2
The eight-headed hydra closely misses you.
The eight-headed hydra completely misses you.
The eight-headed hydra bites you but does no damage.
The eight-headed hydra bites you!
* * * LOW HITPOINT WARNING * * *
The eight-headed hydra bites you.
You die...
Your body crumbles into a pile of gold.

#♣.≈.♣# #.≈≈≈.# #.♣♣♣♣#
#.≈≈≈.# #.....##### ######
#.≈≈≈.# #♣♣♣♣.#♣..♣♣ ♣.♣..♣♣
#.≈≈≈.#
#.....♣♣♣..♣♣♣.♣♣..♣♣♣♣♣≈≈≈♣#
#.♣♣♣...♣♣..♣♣.♣♣♣..♣...≈≈≈.#
#.....♣♣.♣♣..♣.♣♣♣♣..♣♣♣≈≈≈♣#
#♣♣♣♣.#♣♣....@........#.≈≈≈.#
#.....# ######D########.≈≈≈.#
#.♣♣♣♣# ♣S♣♣ #.≈≈≈.# #.....#
♣♣Y.♣♣ #.≈≈≈.# #♣♣♣♣.#
♣♣....♣♣ #♣.≈.♣# ♣...#
♣♣..♣♣..♣♣ ♣♣.♣♣ ##∩###
♣♣..♣♣♣♣..♣♣ ##∩## ##...##
♣♣..♣♣ ♣♣..♣ ##...##
#<....#♣♣..♣♣ { ♣..♣♣#....>#


You could see an eight-headed hydra (slow), a black mamba and a dream sheep.

Vanquished Creatures
  2 catoblepae
  2 two-headed ogres
  A lindwurm (Lair:3)
  A guardian serpent (Lair:2)
  4 black mambas
  Maggie (D:7)
  6 cane toads
  2 rime drakes
  5 komodo dragons
  Grinder (D:5)
  9 blink frogs
  2 wraiths
  17 yaks
  2 shadows
  2 vampires
  7 wyverns
  4 basilisks
  Edmund (D:5)
  13 water moccasins
  Duvessa (D:7)
  2 orc warriors
  5 black bears
  6 wolves
  6 centaurs
  A phantom (D:5)
  12 bullfrogs
  3 scorpions
  7 wights (D:8)
  Dowan (D:7)
  2 electric eels (Lair:2)
  A howler monkey (D:5)
  8 orc priests
  Crazy Yiuf (D:7)
  4 hounds
  2 orc wizards
  Natasha (thrice) (D:2)
  3 iguanas
  6 adders
  7 gnolls
  A shadow imp (D:5)
  An ufetubus (D:6)
  3 worms
  A dart slug (D:1)
  20 orcs
  A bat (D:2)
  10 endoplasms
  A giant cockroach (D:1)
  16 goblins
  16 hobgoblins
  2 jackals (D:5)
  4 quokkas
  5 ball pythons
  7 kobolds
  6 rats
257 creatures vanquished.

Vanquished Creatures (others)
  An orc warrior (D:7)
  An orc wizard (D:7)
  A gnoll (D:7)
  3 orcs (D:7)
  11 fungi
  58 plants
75 creatures vanquished.

Grand Total: 332 creatures vanquished

Notes
Turn   | Place    | Note
-------+----------+-------------------------------------------
     0 | D:1      | vurker the Formicid Hunter began the quest for the Orb.
     0 | D:1      | Reached XP level 1. HP: 16/16 MP: 1/1
   111 | D:1      | Reached XP level 2. HP: 23/23 MP: 2/2
   381 | D:1      | Reached XP level 3. HP: 28/28 MP: 3/3
  1293 | D:2      | Reached XP level 4. HP: 35/35 MP: 4/4
  1302 | D:2      | Noticed Natasha
  1308 | D:2      | Killed Natasha
  1309 | D:2      | Reached skill level 5 in Ranged Weapons
  1522 | D:2      | Reached skill level 1 in Armour
  1632 | D:2      | Noticed Natasha
  1641 | D:2      | Killed Natasha
  1642 | D:2      | Reached XP level 5. HP: 29/41 MP: 5/5
  2378 | D:2      | Noticed Natasha
  2383 | D:2      | Killed Natasha
  3508 | D:3      | Found an opulent altar of Gozag.
  3509 | D:3      | Found an opulent altar of Gozag.
  3509 | D:3      | Found an opulent altar of Gozag.
  3516 | D:3      | Found an opulent altar of Gozag.
  3677 | D:3      | Became a worshipper of Gozag Ym Sagoz the Greedy
  4215 | D:3      | Reached XP level 6. HP: 34/47 MP: 6/6
  4669 | D:4      | Found a staircase to the Ecumenical Temple.
  4867 | D:4      | Found a basalt altar of Yredelemnul.
  4902 | D:4      | Identified the +2 pair of gloves of the Teaching Gods
                  | {rElec Regen+ Str+3 Stlth+}
  5135 | D:5      | Entered Level 5 of the Dungeon
  5147 | D:5      | Reached skill level 6 in Ranged Weapons
  5149 | D:5      | Noticed Grinder
  5194 | D:5      | Reached XP level 7. HP: 54/54 MP: 7/7
  5210 | D:5      | Killed Grinder
  5654 | D:5      | Noticed Edmund
  5661 | D:5      | Killed Edmund
  5662 | D:5      | Reached XP level 8. HP: 56/61 MP: 8/8
  5773 | D:5      | Reached skill level 7 in Ranged Weapons
  6084 | D:6      | Reached skill level 5 in Fighting
  6892 | D:7      | Reached skill level 8 in Ranged Weapons
  6892 | D:7      | Reached XP level 9. HP: 60/68 MP: 9/9
  7427 | D:7      | Noticed Dowan
  7460 | D:7      | Killed Dowan
  7476 | D:7      | Noticed Maggie
  7520 | D:7      | Killed Maggie
  7521 | D:7      | Reached skill level 5 in Armour
  7711 | D:7      | Found a sacrificial altar of Ru.
  7711 | D:7      | Found a snail-covered altar of Cheibriados.
  7778 | D:7      | Found a runed translucent door.
  7779 | D:7      | Noticed Crazy Yiuf
  7899 | D:7      | Noticed Duvessa
  7908 | D:7      | Killed Duvessa
  7936 | D:7      | Found a shimmering altar of Xom.
  7954 | D:7      | Reached skill level 5 in Dodging
  8028 | D:7      | Killed Crazy Yiuf
  8093 | D:8      | Reached skill level 9 in Ranged Weapons
  8560 | D:8      | Found Ruedau's Antique Armour Shop.
  8573 | D:8      | Reached XP level 10. HP: 52/77 MP: 10/10
  8619 | D:8      | Identified the +11 quarterstaff "Giant's Doom" {venom, rC+
                  | rN+ rCorr}
  8761 | D:8      | Found an ornate altar of the Wu Jian Council.
  8799 | D:8      | Found a broken altar of Ashenzari.
  8989 | D:9      | Reached skill level 10 in Ranged Weapons
  9035 | D:9      | Noticed a two-headed ogre
  9081 | D:9      | Killed a two-headed ogre
  9151 | D:9      | Found a staircase to the Orcish Mines.
  9578 | D:10     | Entered Level 10 of the Dungeon
  9781 | D:10     | Reached skill level 11 in Ranged Weapons
  9825 | D:10     | Reached XP level 11. HP: 74/87 MP: 11/11
  9901 | D:10     | Found a staircase to the Lair.
 10220 | D:10     | Noticed a two-headed ogre
 10229 | D:10     | Killed a two-headed ogre
 10230 | D:10     | Reached skill level 12 in Ranged Weapons
 10446 | D:11     | Noticed a seven-headed hydra
 10615 | D:11     | Noticed a two-headed ogre
 10668 | Lair:1   | Entered Level 1 of the Lair of Beasts
 10668 | Lair:1   | Noticed a catoblepas
 10690 | D:10     | Killed a catoblepas
 10896 | Lair:1   | Reached skill level 13 in Ranged Weapons
 10903 | Lair:1   | Reached XP level 12. HP: 85/97 MP: 12/12
 10914 | Lair:1   | Reached skill level 10 in Fighting
 11117 | Lair:1   | Found a basalt altar of Yredelemnul.
 11686 | Lair:2   | Reached skill level 10 in Armour
 11841 | Lair:2   | Noticed a catoblepas
 11862 | Lair:2   | Reached skill level 1 in Evocations
 11863 | Lair:2   | Reached skill level 14 in Ranged Weapons
 11962 | Lair:2   | Killed a catoblepas
 12351 | Lair:2   | Found a staircase to the Snake Pit.
 12746 | Lair:3   | Reached skill level 5 in Evocations
 12853 | Lair:3   | Reached XP level 13. HP: 50/106 MP: 13/13
 13137 | Lair:3   | Noticed an eight-headed hydra
 13151 | Lair:3   | HP: 2/106 [eight-headed hydra (9)]
 13151 | Lair:3   | Slain by an eight-headed hydra

Illustrated notes

Levels and vault maps discovered:
D:1:      dpeg_arrival_morbid_curiosity, layout_basic, serial_corexii_hall,
          corexii_hall_statues_i, corexii_hall_statues_x,
          chequers_hall_statues_corner_a, chequers_hall_statues_y
D:2:      cheibrodos_greedy_goblins, layout_loops_corners, uniq_natasha
D:3:      layout_loops_corners, nicolae_gozag_conspicuous_consumption, hex_large
D:4:      layout_rooms, mainiacjoe_overflow_paths,
          minmay_temple_entry_antechambers, minmay_misc_feat_roman
D:5:      layout_cave_pools, serial_glass, glass_columns_b, glass_columns_c,
          roderic_lattice_a, uniq_edmund, uniq_grinder
D:6:      layout_cave_pods, dreamdust_gnoll_farm
D:7:      layout_basic, tgw_xom, mainiacjoe_overflow_large_starburst,
          lemuel_flamethrower_2, uniq_duvessa, uniq_crazy_yiuf_cottage,
          uniq_maggie
D:8:      wad_pebble_path, layout_basic, mainiacjoe_overflow_catch_the_wave,
          serial_shops, shop, minmay_misc_feat_square
D:9:      layout_big_octagon, orc_0_dummy
D:10:     layout_basic, minmay_lair_entry_grove
D:11:     minmay_the_grid_triangle_9x9_rhombus_full
          [minmay_the_grid_triangle_9x9_checkered,
          minmay_the_grid_triangle_9x9_alien,
          minmay_the_grid_triangle_9x9_thin_v,
          minmay_the_grid_triangle_9x9_sparse_checkered,
          minmay_the_grid_triangle_9x9_odd_lines,
          minmay_the_grid_triangle_9x9_zippers_horizontal,
          minmay_the_grid_triangle_9x9_empty,
          minmay_the_grid_triangle_9x9_prize_schism], layout_rooms,
          nicolae_specific_store
Lair:1:   layout_roguey, basic_altar, grunt_megastairs_4
Lair:2:   layout_cave_pods, minmay_snake_entry_spellcaster,
          nicolae_lair_grazing_beasts [nicolae_sub_lair_graze_edge,
          nicolae_sub_lair_graze_edge, nicolae_sub_lair_graze_edge,
          nicolae_sub_lair_graze_edge], wad_woods_river_01
Lair:3:   nzn_winding_woodlands_stair_trap [nzn_winding_woodlands_5x15_pool,
          nzn_winding_woodlands_5x15_sidewinder,
          nzn_winding_woodlands_5x15_default,
          nzn_winding_woodlands_15x15_thick_spiral,
          nzn_winding_woodlands_5x15_pockets, nzn_winding_woodlands_5x15_zeroes,
          nzn_winding_woodlands_5x15_river_crossing], layout_long_grid,
          minmay_shoals_entry_centaurs, minivault_24, kennysheep_basilisk_garden

Skill      XL: |  1  2  3  4  5  6  7  8  9 10 11 12 13 |
---------------+----------------------------------------+-----
Fighting       | 3 4 5 6 8 9 11 | 11.4
Ranged Weapons | 5 6 8 9 11 13 14 | 14.9
Dodging        | 2 3 4 5 |  5.0
Armour         | 1 2 3 4 6 7 9 10 | 10.0
Evocations     | 5 6 |  6.2
Stealth        | |  1.2

Action                   |  1- 3 |  4- 6 |  7- 9 | 10-12 | 13-15 || total
-------------------------+-------+-------+-------+-------+-------++-------
 Fire: Shortbow          |    98 |   176 |   255 |       |       ||   529
       Arbalest          |       |       |    48 |   472 |    39 ||   559
 Abil: Dig               |       |       |     3 |     5 |       ||     8
Evoke: Wand              |       |       |    18 |    21 |       ||    39
  Use: Scroll            |     3 |       |    17 |     4 |       ||    24
       Potion            |       |       |       |     2 |       ||     2
Armor: Leather armour    |     2 |       |       |       |       ||     2
       Plate armour      |    35 |    91 |   244 |   303 |    42 ||   715
Dodge: Dodged            |    27 |    30 |   190 |   212 |    27 ||   486

Table legend: (Time is in decaauts)
 A = Elapsed time spent in this place.
 B = Non-inter-level travel time spent in this place.
 C = Inter-level travel time spent in this place.
 D = Time resting spent in this place.
 E = Time spent auto-exploring this place.
 F = Levels seen in this place.
 G = Mean time per level.
                   A        B        C        D        E       F      G
               +--------+--------+--------+--------+--------+-----+--------+
         Total |  13908 |  13443 |    465 |    173 |  10000 |  14 |  993.4 |
       Dungeon |  11275 |  10876 |    399 |     55 |   8310 |  11 | 1025.0 |
          Lair |   2633 |   2567 |     66 |    118 |   1689 |   3 |  877.7 |
               +--------+--------+--------+--------+--------+-----+--------+

Top non-repeatable levels by time:
     D:2: 2200 daAuts
     D:3: 1329 daAuts
  Lair:2: 1311 daAuts
     D:7: 1301 daAuts
     D:6: 1062 daAuts
    D:10: 1051 daAuts
     D:1: 1001 daAuts
  Lair:1: 995 daAuts
     D:8: 983 daAuts
     D:4: 812 daAuts
     D:5: 720 daAuts
     D:9: 615 daAuts
  Lair:3: 326 daAuts
    D:11: 197 daAuts
